[ AOE2 MATCH · #504642376 ]
UnrankedFranks vs Burgundians
Player's team · LOSS
[ REPLAY ANALYSIS · EXTRACTED FROM THE RECORDED GAME ]
Feudal
10:14
Castle
19:59
Imperial
35:47
| APM avg | 52.6 |
| APM peak | 85 |
| eAPM avg | 30.5 |
| Villagers / military | 171 / 89 |
Focus
⚔️ 35.2% · 🌾 64.8%
Knight ×57 · Archer ×9 · Militia ×8 · Monk ×4 · Trebuchet (Packed) ×4 · Mangonel ×3
Feudal
8:57
Castle
22:24
Imperial
39:35
| APM avg | 66.6 |
| APM peak | 102 |
| eAPM avg | 32.4 |
| Villagers / military | 190 / 113 |
Focus
⚔️ 48.9% · 🌾 51.1%
Knight ×60 · Archer ×19 · Skirmisher ×13 · Battering Ram ×9 · Monk ×4 · Flemish Militia ×3
Match map
Initial resources + every placement click. Lines = walls · curves = elevation contours. ◆ gold · ⬟ stone · ● berries · ✦ relic · ◌ wall gap
Your base· Open — 4t gap
DS_Champi WarrioR's base· Open — unwalled flank
Smoothed initial terrain · ◌ = detected wall gap · hover for details
Inputs per minute
— CNZS_Still in Love - - DS_Champi WarrioR
Build order — CNZS_Still in Love
First 150 of 420 actions detected
| 0:01 | Create | Villager (Male) ×4 |
| 0:02 | Create | Villager (Male) ×4 |
| 0:03 | Build | House |
| 0:04 | Build | House |
| 1:25 | Create | Villager (Male) |
| 1:26 | Create | Villager (Male) |
| 1:48 | Build | Lumber Camp |
| 1:58 | Create | Villager (Male) |
| 1:58 | Create | Villager (Male) |
| 2:19 | Create | Villager (Male) |
| 2:20 | Create | Villager (Male) |
| 2:45 | Create | Villager (Male) |
| 2:46 | Create | Villager (Male) |
| 3:02 | Create | Villager (Male) |
| 3:02 | Create | Villager (Male) |
| 3:29 | Create | Villager (Male) |
| 3:30 | Create | Villager (Male) |
| 3:50 | Build | House |
| 3:56 | Create | Villager (Male) |
| 4:17 | Create | Villager (Male) |
| 4:30 | Build | Barracks |
| 4:40 | Create | Villager (Male) |
| 4:41 | Create | Villager (Male) |
| 4:51 | Build | House |
| 5:13 | Create | Villager (Male) |
| 5:22 | Create | Militia |
| 5:22 | Create | Militia |
| 5:32 | Create | Militia |
| 5:46 | Create | Villager (Male) |
| 6:24 | Build | Mining Camp |
| 6:30 | Create | Villager (Male) |
| 6:36 | Research | Loom |
| 7:24 | Create | Villager (Male) |
| 7:43 | Build | Mill |
| 8:04 | Research | Feudal Age |
| 8:23 | Create | Militia |
| 8:24 | Create | Militia |
| 8:27 | Build | House |
| 8:29 | Build | House |
| 8:40 | Create | Militia |
| 8:40 | Create | Militia |
| 9:07 | Create | Militia |
| 9:09 | Create | Villager (Male) |
| 9:51 | Build | Palisade Wall |
| 10:03 | Build | Farm |
| 10:05 | Build | Farm |
| 10:14 | Age | Feudal Age |
| 10:15 | Research | Man-at-Arms (upgrade) |
| 10:20 | Build | Farm |
| 10:26 | Create | Villager (Male) |
| 10:29 | Build | Archery Range |
| 10:35 | Build | Farm |
| 10:42 | Create | Villager (Male) |
| 11:05 | Research | Double-Bit Axe |
| 11:05 | Research | Double-Bit Axe |
| 11:16 | Build | Farm |
| 11:17 | Create | Archer |
| 11:21 | Create | Villager (Male) |
| 11:22 | Create | Villager (Male) |
| 11:39 | Create | Villager (Male) |
| 11:40 | Create | Villager (Male) |
| 11:48 | Build | Palisade Wall |
| 11:53 | Create | Villager (Male) |
| 11:53 | Create | Villager (Male) |
| 12:02 | Create | Villager (Male) |
| 12:02 | Create | Villager (Male) |
| 12:15 | Create | Archer |
| 12:16 | Create | Archer |
| 12:17 | Create | Villager (Male) |
| 12:31 | Create | Villager (Male) |
| 12:54 | Build | House |
| 12:55 | Build | House |
| 13:12 | Build | House |
| 13:24 | Create | Villager (Male) |
| 13:26 | Build | Farm |
| 13:27 | Build | Farm |
| 13:33 | Create | Archer |
| 13:47 | Create | Archer |
| 13:53 | Build | Farm |
| 14:11 | Build | House |
| 14:13 | Build | Palisade Wall |
| 14:15 | Create | Archer |
| 14:21 | Create | Villager (Male) |
| 14:31 | Build | Farm |
| 15:01 | Research | Town Watch |
| 15:14 | Build | Farm |
| 15:32 | Build | Farm |
| 15:41 | Create | Villager (Male) |
| 15:44 | Build | House |
| 15:45 | Build | House |
| 16:07 | Create | Villager (Male) |
| 16:21 | Build | Blacksmith |
| 16:29 | Create | Villager (Male) |
| 17:00 | Build | Farm |
| 17:19 | Build | Lumber Camp |
| 17:19 | Research | Castle Age |
| 17:51 | Research | Fletching |
| 17:59 | Create | Archer |
| 17:59 | Create | Archer |
| 18:10 | Create | Archer |
| 18:13 | Create | Villager (Male) |
| 18:38 | Create | Villager (Male) |
| 18:52 | Build | House |
| 18:53 | Build | House |
| 19:13 | Build | Stable |
| 19:59 | Age | Castle Age |
| 20:01 | Research | Bodkin Arrow |
| 20:09 | Create | Villager (Male) |
| 20:12 | Create | Knight |
| 20:12 | Create | Knight |
| 20:31 | Create | Villager (Male) |
| 20:53 | Build | Town Center |
| 20:58 | Create | Villager (Male) |
| 21:02 | Build | Palisade Wall |
| 21:12 | Create | Knight |
| 21:39 | Build | Town Center |
| 21:56 | Create | Villager (Male) |
| 22:00 | Create | Villager (Male) |
| 22:01 | Create | Villager (Male) |
| 22:08 | Create | Villager (Male) |
| 22:27 | Create | Villager (Male) |
| 22:29 | Create | Skirmisher |
| 22:30 | Create | Skirmisher |
| 22:38 | Create | Villager (Male) |
| 22:39 | Build | Siege Workshop |
| 22:43 | Create | Villager (Male) |
| 22:49 | Create | Villager (Male) |
| 23:11 | Create | Villager (Male) |
| 23:18 | Create | Villager (Male) |
| 23:31 | Build | Farm |
| 23:32 | Build | Farm |
| 23:34 | Create | Scorpion |
| 23:35 | Create | Villager (Male) |
| 23:47 | Build | Farm |
| 23:48 | Build | Farm |
| 23:48 | Create | Villager (Male) |
| 23:59 | Create | Scorpion |
| 24:14 | Create | Villager (Male) |
| 24:14 | Create | Villager (Male) |
| 24:15 | Create | Villager (Male) |
| 24:20 | Build | Farm |
| 24:23 | Build | Farm |
| 24:38 | Create | Villager (Male) |
| 24:46 | Build | Market |
| 24:47 | Create | Villager (Male) |
| 25:12 | Create | Mangonel |
| 25:13 | Create | Mangonel |
| 25:15 | Create | Villager (Male) |
| 25:21 | Create | Villager (Male) |
| 25:34 | Build | Farm |
Build order — DS_Champi WarrioR
First 150 of 512 actions detected
| 0:01 | Create | Villager (Male) |
| 0:01 | Create | Villager (Male) |
| 0:01 | Create | Villager (Male) |
| 0:02 | Create | Villager (Male) |
| 0:02 | Create | Villager (Male) |
| 0:02 | Create | Villager (Male) |
| 0:04 | Build | House |
| 0:06 | Build | House |
| 1:35 | Create | Villager (Male) |
| 1:55 | Build | Lumber Camp |
| 1:59 | Create | Villager (Male) |
| 2:11 | Create | Villager (Male) |
| 2:41 | Create | Villager (Male) |
| 2:41 | Create | Villager (Male) |
| 3:09 | Research | Double-Bit Axe |
| 3:22 | Create | Villager (Male) |
| 3:38 | Build | House |
| 3:50 | Create | Villager (Male) |
| 4:08 | Create | Villager (Male) |
| 4:08 | Create | Villager (Male) |
| 4:34 | Create | Villager (Male) |
| 4:34 | Create | Villager (Male) |
| 4:51 | Create | Villager (Male) |
| 5:20 | Create | Villager (Male) |
| 5:39 | Build | Mill |
| 5:49 | Create | Villager (Male) |
| 6:19 | Research | Loom |
| 6:47 | Research | Feudal Age |
| 6:47 | Research | Feudal Age |
| 6:47 | Research | Feudal Age |
| 7:19 | Build | Barracks |
| 7:42 | Build | House |
| 8:15 | Build | Palisade Wall |
| 8:22 | Create | Villager (Male) |
| 8:31 | Build | Palisade Wall |
| 8:41 | Build | Mining Camp |
| 8:52 | Create | Villager (Male) |
| 8:57 | Age | Feudal Age |
| 9:02 | Create | Militia |
| 9:02 | Create | Militia |
| 9:06 | Create | Flemish Militia |
| 9:07 | Create | Flemish Militia |
| 9:13 | Create | Villager (Male) |
| 9:32 | Build | House |
| 9:36 | Create | Flemish Militia |
| 9:39 | Create | Villager (Male) |
| 9:47 | Build | Farm |
| 9:47 | Research | Horse Collar |
| 9:48 | Research | Horse Collar |
| 10:01 | Build | Archery Range |
| 10:16 | Create | Villager (Male) |
| 10:21 | Build | Farm |
| 10:45 | Create | Villager (Male) |
| 10:49 | Build | House |
| 10:50 | Create | Archer |
| 10:53 | Build | Palisade Wall |
| 11:08 | Create | Villager (Male) |
| 11:23 | Create | Archer |
| 11:23 | Create | Archer |
| 11:40 | Create | Villager (Male) |
| 11:41 | Create | Archer |
| 11:48 | Create | Villager (Male) |
| 12:10 | Build | House |
| 12:11 | Build | House |
| 12:21 | Create | Archer |
| 12:45 | Create | Villager (Male) |
| 12:46 | Create | Villager (Male) |
| 12:46 | Create | Villager (Male) |
| 12:48 | Build | Farm |
| 12:49 | Build | Farm |
| 12:58 | Build | Blacksmith |
| 13:00 | Build | Palisade Wall |
| 13:04 | Create | Archer |
| 13:04 | Create | Archer |
| 13:22 | Build | House |
| 13:26 | Create | Villager (Male) |
| 13:26 | Create | Villager (Male) |
| 13:26 | Create | Villager (Male) |
| 13:28 | Build | Farm |
| 13:32 | Create | Archer |
| 13:32 | Create | Archer |
| 13:36 | Build | Farm |
| 13:39 | Build | Farm |
| 13:56 | Build | Farm |
| 14:02 | Create | Villager (Male) |
| 14:02 | Create | Villager (Male) |
| 14:02 | Create | Villager (Male) |
| 14:05 | Create | Archer |
| 14:05 | Create | Archer |
| 14:23 | Build | House |
| 14:25 | Build | Palisade Wall |
| 14:28 | Research | Fletching |
| 14:32 | Build | Farm |
| 14:52 | Create | Villager (Male) |
| 14:53 | Create | Villager (Male) |
| 15:03 | Create | Villager (Male) |
| 15:06 | Create | Archer |
| 15:31 | Create | Villager (Male) |
| 15:32 | Create | Archer |
| 15:42 | Create | Villager (Male) |
| 15:43 | Build | Farm |
| 15:51 | Build | House |
| 15:54 | Build | House |
| 16:03 | Research | Heavy Plow |
| 16:03 | Research | Heavy Plow |
| 16:04 | Build | Palisade Wall |
| 16:11 | Create | Archer |
| 16:12 | Create | Villager (Male) |
| 16:12 | Create | Villager (Male) |
| 16:21 | Create | Villager (Male) |
| 16:23 | Build | Farm |
| 16:25 | Build | Farm |
| 16:33 | Build | Archery Range |
| 16:39 | Create | Villager (Male) |
| 16:41 | Build | Farm |
| 16:46 | Create | Archer |
| 16:47 | Create | Villager (Male) |
| 16:57 | Research | Padded Archer Armor |
| 16:58 | Research | Padded Archer Armor |
| 17:10 | Create | Villager (Male) |
| 17:13 | Build | House |
| 17:14 | Build | House |
| 17:18 | Create | Archer |
| 17:19 | Create | Villager (Male) |
| 17:22 | Build | House |
| 17:32 | Create | Skirmisher |
| 17:33 | Build | House |
| 17:48 | Create | Archer |
| 17:51 | Create | Villager (Male) |
| 17:53 | Build | Market |
| 18:03 | Create | Villager (Male) |
| 18:06 | Build | House |
| 18:13 | Build | Palisade Gate |
| 18:26 | Build | Mining Camp |
| 18:56 | Build | Palisade Wall |
| 19:01 | Create | Villager (Male) |
| 19:14 | Build | Farm |
| 19:15 | Build | Farm |
| 19:44 | Research | Castle Age |
| 19:44 | Research | Castle Age |
| 19:44 | Research | Castle Age |
| 20:16 | Build | Lumber Camp |
| 20:29 | Create | Skirmisher |
| 20:29 | Create | Skirmisher |
| 20:30 | Create | Skirmisher |
| 20:38 | Build | House |
| 20:39 | Build | House |
| 21:00 | Create | Skirmisher |
| 21:00 | Create | Skirmisher |
| 21:01 | Create | Skirmisher |
Match timeline
| 4:30 | CNZS_Still in Love · first_building Barracks |
| 7:19 | DS_Champi WarrioR · first_building Barracks |
| 8:15 | DS_Champi WarrioR · wall_segment Palisade Wall x1 |
| 8:31 | DS_Champi WarrioR · wall_segment Palisade Wall x1 |
| 8:57 | DS_Champi WarrioR · age_up feudal |
| 9:51 | CNZS_Still in Love · wall_segment Palisade Wall x6 |
| 10:01 | DS_Champi WarrioR · first_building Archery Range |
| 10:14 | CNZS_Still in Love · age_up feudal |
| 10:29 | CNZS_Still in Love · first_building Archery Range |
| 10:53 | DS_Champi WarrioR · wall_segment Palisade Wall x5 |
| 11:48 | CNZS_Still in Love · wall_segment Palisade Wall x1 |
| 13:00 | DS_Champi WarrioR · wall_segment Palisade Wall x1 |
| 14:13 | CNZS_Still in Love · wall_segment Palisade Wall x7 |
| 14:25 | DS_Champi WarrioR · wall_segment Palisade Wall x9 |
| 16:04 | DS_Champi WarrioR · wall_segment Palisade Wall x1 |
| 18:56 | DS_Champi WarrioR · wall_segment Palisade Wall x1 |
| 19:13 | CNZS_Still in Love · first_building Stable |
| 19:43 | DS_Champi WarrioR · first_market_buy 100 food |
| 19:43 | DS_Champi WarrioR · first_market_sell 100 wood |
| 19:59 | CNZS_Still in Love · age_up castle |
| 21:02 | CNZS_Still in Love · wall_segment Palisade Wall x1 |
| 22:24 | DS_Champi WarrioR · age_up castle |
| 22:37 | DS_Champi WarrioR · first_building Monastery |
| 22:39 | CNZS_Still in Love · first_building Siege Workshop |
| 23:51 | DS_Champi WarrioR · wall_segment Palisade Wall x1 |
| 25:49 | CNZS_Still in Love · first_market_buy 100 stone |
| 25:53 | DS_Champi WarrioR · first_building Stable |
| 26:12 | CNZS_Still in Love · first_building Monastery |
| 29:06 | CNZS_Still in Love · first_building Castle |
| 32:22 | DS_Champi WarrioR · first_building Castle |
| 32:28 | CNZS_Still in Love · first_market_sell 100 stone |
| 33:13 | DS_Champi WarrioR · first_building Siege Workshop |
| 35:47 | CNZS_Still in Love · age_up imperial |
| 39:35 | DS_Champi WarrioR · age_up imperial |
| 42:28 | CNZS_Still in Love · resign |
[ AI ANALYSIS · 1 CREDIT ]
What really happened in this match?
Wolo.gg analyzes every decision: build order, eco, micro, common mistakes by bracket. Personalized analysis on WhatsApp or Discord in 30 seconds.
Civ guide
Franks
Perfil
Still in Love